 Dungeon Crawl Stone Soup version 0.19.4-8-ga85b6b9 (webtiles) character file.

2305 Kosschaser the Chopper (level 9, -6/78 HPs)
             Began as a Pale Draconian Berserker on Feb 14, 2017.
             Was an Elder of Trog.
             Killed by divine providence
             ... invoked by an orc priest
              (11 damage)
             ... on level 7 of the Dungeon.
             The game lasted 00:37:00 (6121 turns).

Kosschaser the Chopper (Pale Draconian Berserker)   Turns: 6121, Time: 00:37:03

Health: -6/78      AC:  8    Str: 23    XL:     9   Next: 18%
Magic:  9/9        EV: 13    Int: 10    God:    Trog [****..]
Gold:   322        SH:  3    Dex: 10    Spells: 0 memorised, 8 levels left

rFire  + . .     SeeInvis .     y - +11 falchion "Pismoheb" {elec, +Rage rF+ Int+2}
rCold  . . .     Gourm    .     (armour unavailable)
rNeg   . . .     Faith    .     R - +0 buckler
rPois  .         Spirit   .     (helmet restricted)
rElec  .         Reflect  .     f - +0 cloak
rCorr  .         Harm     .     (no gloves)
MR     ++...                    (no boots)
Stlth  +++.......               (no amulet)
                                (no ring)
                                t - ring of stealth

@: regenerating
A: breathe steam, unfitting armour, cold-blooded, AC +7
a: Breathe Steam, Berserk, Trog's Hand, Brothers in Arms, Burn Spellbooks,
Renounce Religion, Evoke Berserk Rage


You were on level 7 of the Dungeon.
You worshipped Trog.
Trog was greatly pleased with you.
You were not hungry.

You visited 1 branch of the dungeon, and saw 7 of its levels.

You collected 322 gold pieces.

Inventory:

Hand Weapons
 a - a +0 hand axe
 y - the +11 falchion "Pismoheb" (weapon) {elec, +Rage rF+ Int+2}
   (You found it on level 4 of the Dungeon)

   Occasionally, upon striking a foe, it will discharge some electrical energy
   and cause terrible harm.
   It affects your intelligence (+2).
   It protects you from fire.
   It lets you go berserk.
Missiles
 h - 241 stones (quivered)
 U - 2 javelins of penetration
Armour
 f - a +0 cloak (worn)
 R - a +0 buckler (worn)
Jewellery
 t - a ring of stealth (left hand)
 L - an uncursed ring of fire
 Q - an uncursed ring of protection from magic {unknown}
Wands
 B - a wand of iceblast (5/15)
 G - a wand of enslavement (8/24)
 H - a wand of random effects (23/48)
 M - a wand of lightning (4/15)
 N - a wand of slowing (15/48)
Scrolls
 e - 2 scrolls of teleportation
 g - a scroll of immolation
 k - 2 scrolls of amnesia
 n - a scroll of remove curse
 s - 2 scrolls of fear
 A - a scroll of enchant weapon {unknown}
 D - a scroll of silence
 E - a scroll of enchant armour
 F - a scroll of summoning {unknown}
 I - a scroll of magic mapping {unknown}
 O - a scroll of fog {unknown}
 S - a scroll of blinking {unknown}
Potions
 c - 3 potions of cancellation
 d - 4 potions of flight
 j - 3 potions of resistance {unknown}
 l - 2 potions of lignification {unknown}
 p - 2 potions of haste
 u - a potion of agility
 v - 3 potions of curing
 w - 2 potions of invisibility
 x - a potion of might
 C - a potion of berserk rage {unknown}
 J - a potion of ambrosia {unknown}
 K - a potion of brilliance {unknown}
 P - a potion of cure mutation {unknown}
Comestibles
 b - 6 bread rations
 i - 8 fruits
 o - 4 meat rations
 q - a royal jelly
 r - a slice of pizza
 z - 2 beef jerkies


   Skills:
 + Level 6.5 Fighting
 + Level 6.1 Long Blades
 + Level 7.7 Axes
 + Level 0.8 Throwing
 + Level 5.4 Dodging
 - Level 1.9 Stealth
 + Level 0.2 Shields
 + Level 1.0 Evocations


You had 8 spell levels left.
You didn't know any spells.

Dungeon Overview and Level Annotations

Branches:
Dungeon (7/15)
 Temple: D:4-7

Altars:
Hepliaklqana
Makhleb
Okawaru

Shops:
D:5 }=


Innate Abilities, Weirdness & Mutations

You can breathe blasts of scalding, opaque steam.
Your pale cyan-grey scales are hard. (AC +7)
You cannot fit into any form of body armour.
You are cold-blooded and may be slowed by cold attacks.


Message History

Pain shoots through your body!
You bump into the rock wall.
You feel less confused.
The orc wizard mumbles some strange words.
The orc wizard flickers and vanishes!
Deactivating autopickup; reactivate with Ctrl-A.
You barely miss the orc warrior.
The phantom blinks!
Something hits you.
You slash the orc warrior!
There is a sudden explosion of sparks!
The orc warrior is almost dead.
You have got your breath back.
The orc warrior hits you with a hand axe!
* * * LOW HITPOINT WARNING * * *
Your skin crawls.
You feel resistant to hostile enchantments.
You feel somewhat more hungry.
The orc warrior hits you with a hand axe!
* * * LOW HITPOINT WARNING * * *
The orc priest mumbles some strange prayers to Beogh against you.
Beogh smites you!
You die...

...........###.##
...........# #.#
...........# #.#
...........# #.#
...........# #.#
##.#.......# #.#
.#.#######.# #.#
.#.#
....###.#########
...#
o...).o{o@.......
#..#
o...###o########.
#..# .. #.# ..>#
#.. #.# #.# #.#
#.#


You could see an orc warrior, an orc priest and an orc wizard.

Vanquished Creatures
  Prince Ribbit (D:6)
  Edmund (D:5)
  Duvessa (D:6)
  An orc warrior (D:6)
  A phantom (D:5)
  An ice beast (D:7)
  A sky beast (D:7)
  5 ogres
  A centaur (D:7)
  A bullfrog (D:3)
  Dowan (D:6)
  A scorpion (D:4)
  A howler monkey (D:6)
  A crimson imp (D:5)
  A bullfrog zombie (D:6)
  A jelly (D:4)
  4 hounds
  4 orc wizards
  2 centaur skeletons (D:5)
  Crazy Yiuf (D:5)
  Jessica (D:2)
  A bullfrog skeleton (D:5)
  Terence (D:2)
  4 worker ants
  A killer bee zombie (D:7)
  Robin (D:2)
  A howler monkey skeleton (D:4)
  A worker ant zombie (D:5)
  3 adders
  An ooze (D:3)
  2 adder skeletons
  4 worms
  3 dart slugs
  6 leopard geckos
  21 orcs
  11 bats
  5 giant cockroaches
  12 goblins
  6 hobgoblins
  5 jackals (D:1)
  4 quokkas
  4 frilled lizards
  3 kobolds (D:1)
  9 rats
141 creatures vanquished.

Notes
Turn   | Place    | Note
-------+----------+-------------------------------------------
     0 | D:1      | Kosschaser the Draconian Berserker began the quest for the Orb.
     0 | D:1      | Reached XP level 1. HP: 19/19 MP: 1/1
     3 | D:1      | Noticed an electric eel
     3 | D:1      | Noticed an electric eel
   646 | D:1      | Reached XP level 2. HP: 26/26 MP: 2/2
  1412 | D:2      | Reached XP level 3. HP: 33/33 MP: 3/3
  1598 | D:2      | Reached ** piety under Trog
  1599 | D:2      | Noticed Robin
  1601 | D:2      | Noticed Jessica
  1605 | D:2      | Killed Robin
  1607 | D:2      | Killed Jessica
  1607 | D:2      | Reached skill level 4 in Axes
  1607 | D:2      | Reached XP level 4. HP: 40/40 MP: 4/4
  1727 | D:2      | Noticed Terence
  1740 | D:2      | Killed Terence
  1796 | D:2      | Found an iron altar of Okawaru.
  1796 | D:2      | Found a hazy altar of Hepliaklqana.
  2140 | D:3      | Reached XP level 5. HP: 47/47 MP: 5/5
  2209 | D:3      | Found a burning altar of Makhleb.
  2363 | D:3      | Reached skill level 5 in Axes
  2377 | D:3      | Reached *** piety under Trog
  2663 | D:3      | Reached XP level 6. HP: 16/53 MP: 6/6
  3662 | D:4      | Reached skill level 5 in Fighting
  3662 | D:4      | Reached skill level 6 in Axes
  3662 | D:4      | Reached skill level 1 in Stealth
  3674 | D:4      | Got a slimy falchion
  3675 | D:4      | Identified the +11 falchion "Pismoheb" {elec, +Rage rF+ Int+2} (You found it on level 4 of the Dungeon)
  3883 | D:4      | Your scales start taking on a pale cyan-grey colour.
  3883 | D:4      | Reached XP level 7. HP: 61/61 MP: 7/7
  4151 | D:5      | Entered Level 5 of the Dungeon
  4151 | D:5      | Found Gaiga's Jewellery Shoppe.
  4540 | D:5      | Noticed Edmund
  4548 | D:5      | Killed Edmund
  4548 | D:5      | Reached skill level 1 in Long Blades
  4749 | D:5      | Found Avotwev's Gadget Emporium.
  4754 | D:5      | Reached skill level 7 in Axes
  4945 | D:5      | Found a runed door.
  4985 | D:5      | Noticed Crazy Yiuf
  4987 | D:5      | Killed Crazy Yiuf
  4987 | D:5      | Reached XP level 8. HP: 69/69 MP: 8/8
  5365 | D:6      | Reached skill level 5 in Dodging
  5366 | D:6      | Noticed Prince Ribbit
  5376 | D:6      | Killed Prince Ribbit
  5516 | D:6      | Noticed Dowan
  5517 | D:6      | Noticed Duvessa
  5526 | D:6      | Killed Duvessa
  5526 | D:6      | Reached **** piety under Trog
  5526 | D:6      | Reached skill level 1 in Evocations
  5531 | D:6      | Killed Dowan
  5971 | D:6      | Reached skill level 5 in Long Blades
  5982 | D:6      | Reached XP level 9. HP: 57/77 MP: 9/9
  6121 | D:7      | Killed from afar by an orc priest

Skill      XL: |  1  2  3  4  5  6  7  8  9 |
---------------+----------------------------+-----
Fighting       | 4 5 6 |  6.5
Dodging        | 3 4 5 |  5.4
Axes           | 4 5 6 7 |  7.7
Stealth        | 1 |  1.9
Long Blades    | 1 5 6 |  6.1
Evocations     | 1 |  1.0
Throwing       | |  0.8
Shields        | |  0.2

Action                   |  1- 3 |  4- 6 |  7- 9 || total
-------------------------+-------+-------+-------++-------
Melee: Hand axe          |    75 |   176 |       ||   251
       Tailslap          |    10 |    25 |    12 ||    47
       Falchion          |       |     4 |    99 ||   103
Throw: Stone             |     1 |     4 |    11 ||    16
Invok: Berserk           |     1 |     2 |       ||     3
       Trog's Hand       |       |     1 |     1 ||     2
 Abil: Breathe Steam     |       |       |     7 ||     7
Evoke: Wand              |       |       |     2 ||     2
  Use: Scroll            |       |     7 |     7 ||    14
       Potion            |       |       |     1 ||     1
 Stab: Sleeping          |       |     2 |     5 ||     7
  Eat: Chunk             |     2 |    11 |     8 ||    21
Armor: Skin              |    37 |    62 |    22 ||   121
Dodge: Dodged            |    53 |   157 |    57 ||   267
Block: Buckler           |       |       |     2 ||     2
       Rpst.: Falchion   |       |       |    13 ||    13
